 Dungeon Crawl Stone Soup version 0.29.1-1-gd02db6906a (webtiles) character file.

Game seed: 17551013476383524754

92006 croobank the Spry (level 15, -5/77 HPs)
             Began as a Felid Summoner on Oct 20, 2022.
             Was an Initiate of Gozag.
             Slain by Arachne
             ... wielding a staff of poison
              (7 damage)
             ... on level 2 of the Spider Nest on Oct 21, 2022.
             The game lasted 04:23:15 (39882 turns).

croobank the Spry (Felid Summoner)                 Turns: 39882, Time: 04:23:15

Health: -5/77      AC:  3    Str:  4    XL:     15   Next: 56%
Magic:  11/32      EV: 33    Int: 25    God:    Gozag
Gold:   2796       SH:  5    Dex: 16    Spells: 8/38 levels left
                                        Lives:  0   Deaths: 4

rFire   . . .      SeeInvis +   (weapon unavailable)
rCold   + . .      Faith    .   (shield unavailable)
rNeg    . . .      Spirit   .   (body armour unavailable)
rPois   +          Reflect  +   (helmet unavailable)
rElec   .          Harm     .   (cloak unavailable)
rCorr   .          Rampage  .   (gloves unavailable)
Will    +....                   (boots unavailable)
Stlth   +.........              w - amulet of reflection
HPRegen 0.22/turn               F - +4 ring of evasion
MPRegen 0.23/turn               A - ring of poison resistance

@: silenced, weak-willed, gold aura, quick
A: very small, claws 1, fangs 3, see invisible, speed 1, shaggy fur 3, stealthy
paws, no weapons or thrown items, no armour, multi-lived
a: Renounce Religion


You were on level 2 of the Spider Nest.
You worshipped Gozag.
Gozag was most pleased with you.
You visited 5 branches of the dungeon, and saw 24 of its levels.
You also visited: Ossuary and Bailey.

You collected 8529 gold pieces.
You spent 412 gold pieces at shops.
You paid 5321 gold pieces to Gozag.

Inventory:

Jewellery
 f - the ring of Foolhardiness {rC- rCorr Int+3 Dex+2}
   (You took it off an orc warrior in a bailey)

   [ring of resist corrosion]

   Int:       It affects your intelligence (+3).
   Dex:       It affects your dexterity (+2).
   rC:        It makes you vulnerable to cold.
   rCorr:     It protects you from acid and corrosion.
 m - a ring of flight
 o - an amulet of regeneration
 s - a +6 ring of dexterity
 t - a +6 ring of strength
 u - a ring of ice
 w - an amulet of reflection (around neck)
 y - a ring of ice
 A - a ring of poison resistance (right paw)
 E - a ring of wizardry
 F - a +4 ring of evasion (left paw)
 I - a +4 ring of evasion
 J - a ring of willpower
 P - a +6 ring of strength
 Q - an amulet of guardian spirit
 S - a ring of magical power
Wands
 n - a wand of polymorph (23)
 p - a wand of mindburst (18)
 v - a wand of roots (8)
 x - a wand of charming (21)
 M - a wand of flame (15)
Scrolls
 b - 2 scrolls of silence
 l - 7 scrolls of immolation
 C - 2 scrolls of fog
 D - 3 scrolls of noise
 G - 4 scrolls of poison
 K - a scroll of vulnerability
 N - 4 scrolls of identify
 T - a scroll of amnesia
Potions
 c - 12 potions of flight
 d - 9 potions of curing
 e - 6 potions of haste
 g - 3 potions of attraction
 h - 3 potions of might
 i - 5 potions of degeneration
 j - 2 potions of ambrosia
 k - 6 potions of lignification
 r - a potion of berserk rage
 z - 2 potions of brilliance
 H - 2 potions of cancellation
 V - 2 potions of mutation
Miscellaneous
 q - a lightning rod (3/4)
 L - a box of beasts
 R - a phial of floods (inert)
 W - a tin of tremorstones (1/2)


   Skills:
 - Level 15.0 Fighting
 + Level 17.5 Dodging
 - Level 2.7 Stealth
 + Level 12.0 Spellcasting
 - Level 1.8 Conjurations
 - Level 5.0 Hexes
 + Level 14.2 Summonings
 + Level 7.3 Necromancy
 - Level 2.2 Transmutations
 - Level 1.6 Fire Magic
 - Level 7.0 Air Magic
 - Level 1.5 Poison Magic


You had 8 spell levels left.
You knew the following spells:

 Your Spells              Type           Power      Damage    Failure   Level
a - Summon Small Mammal   Summ           100%       N/A       0%          1
b - Call Imp              Summ           72%        N/A       1%          2
c - Call Canine Familiar  Summ           72%        N/A       1%          3
d - Summon Guardian Gole  Hex/Summ       58%        N/A       1%          3
e - Summon Lightning Spi  Summ/Air       62%        N/A       1%          4
f - Summon Cactus Giant   Summ           36%        N/A       1%          6
g - Mephitic Cloud        Conj/Pois/Air  32%        N/A       3%          3
h - Ignite Poison         Fire/Tmut/Pois 24%        N/A       6%          3
i - Silence               Hex/Air        22%        N/A       10%         5

Your spell library contained the following spells:

 Spells                   Type           Power      Damage    Failure   Level
 Static Discharge         Conj/Air       37%        3-8/arc   1%          2
 Scorch                   Fire           46%        2d7       3%          2
 Dazzling Flash           Conj/Hex       64%        N/A       3%          3
 Inner Flame              Hex/Fire       31%        N/A       3%          3
 Cause Fear               Hex            20%        N/A       4%          4
 Agony                    Necr           51%        N/A       5%          5
 Gell's Gravitas          Tloc           15%        N/A       12%         3
 Lesser Beckoning         Tloc           15%        N/A       12%         3
 Teleport Other           Tloc           15%        N/A       12%         3
 Flame Wave               Conj/Fire      23%        2d8       19%         4
 Lightning Bolt           Conj/Air       18%        1d33      19%         5
 Hailstorm                Conj/Ice       19%        3d6       26%         4
 Ice Form                 Ice/Tmut       20%        N/A       26%         4
 Freezing Cloud           Conj/Ice/Air   14%        6-21      32%         5
 Haunt                    Necr/Summ      31%        N/A       36%         7
 Iskenderun's Battlesphe  Conj           24%        2d8       45%         5
 Fireball                 Conj/Fire      11%        3d7       47%         5
 Conjure Ball Lightning   Conj/Air       18%        3x3d6     69%         6
 Orb of Destruction       Conj           12%        9d7       100%        7
 Discord                  Hex            20%        N/A       100%        8
 Infestation              Necr           25%        N/A       100%        8
 Maxwell's Capacitive Co  Air            25%        ∞         100%        8
 Animate Dead             Necr           Unusable   N/A       N/A         4
 Simulacrum               Ice/Necr       Unusable   N/A       N/A         6

Dungeon Overview and Level Annotations

Branches:
Dungeon (14/15)            Temple (1/1) D:6            Lair (5/5) D:10
 Shoals (0/4) Lair:3       Spider (2/4) Lair:2        Slime (0/5) Lair:5
    Orc (2/2) D:11            Elf (0/3) Orc:2        Vaults (0/5) D:14
Ossuary (visited)          Bailey (visited)

Altars:
Ashenzari
Dithmenos
Elyvilon
Fedhas
Gozag
Hepliaklqana
Kikubaaqudgha
Makhleb
Nemelex Xobeh
Qazlal
Ru
Sif Muna
Trog
Uskayaw
Vehumet
Wu Jian
Xom
Yredelemnul
Zin
The Shining One
Jiyva
Lugonu

Shops:
D:9 =   Orc:1 *   Orc:2 [[((   Lair:4 **

Annotations:
D:6 1 runed translucent door, Crazy Yiuf
D:10 3 runed translucent doors, croobank's ghost, journeyman OpSu
Spider:2 Arachne
Orc:2 3 runed translucent doors, TheSexyCheese's ghost, journeyman HOFi


Innate Abilities, Weirdness & Mutations

You have sharp claws.
You have razor-sharp teeth.
You have supernaturally acute eyesight. (SInv)
You cover ground quickly. (Speed+)
Your thick and shaggy fur keeps you warm. (AC +3, rC+)
Your paws help you pounce on unaware monsters.
You are incapable of wielding weapons or throwing items.
You cannot wear armour.
You gain extra lives every three experience levels.


Message History

The jumping spider completely misses you. x2
Your warg bites the orb spider!
The orb spider dies!
Arachne hits your wolf spider with a staff of poison!!
Arachne envenoms your wolf spider!!!
Your wolf spider dies!
Your wolf spider's corpse dissolves into shadows!
The jumping spider misses you.
The jumping spider completely misses you.
Your redback bites Arachne.
Aiming: Mindburst
Press: ? - help, Shift-Dir - straight line, f - Arachne
Aim: Arachne, wielding a staff of poison (silenced, heavily wounded, extremely poisoned, weak-willed, ally target, chance to affect: 55%) Arachne's mind is blasted!
The jumping spider pounces on you! The jumping spider closely misses you.
Your broodmother bites Arachne but does no damage.
The jumping spider completely misses you. x2
Arachne hits your broodmother with a staff of poison!!
Arachne envenoms your broodmother!
Your broodmother is poisoned.
Your redback bites Arachne.
Your tarantella touches Arachne!
You block the jumping spider's attack.
The jumping spider completely misses you.
Your broodmother bites Arachne!!
Aiming: Thunderbolt
Press: ? - help, Shift-Dir - straight line, f/p - Arachne
Aim: Arachne, wielding a staff of poison (silenced, severely wounded, not watching you, extremely poisoned, weak-willed, ally target)
The thunderbolt hits Arachne!
Arachne is almost dead.
The jumping spider is no longer distracted by gold.
The jumping spider completely misses you.
The jumping spider closely misses you.
Your redback completely misses Arachne.
Your cactus giant hits Arachne with a +0 giant spiked club.
The jumping spider misses you. You block the jumping spider's attack.
The jumping spider is distracted by your dazzling golden aura.
Arachne hits you with a staff of poison!!
* * * LOW HITPOINT WARNING * * *
Arachne envenoms you!
You die...
Your body crumbles into a pile of gold.

. ..<.......# ##.
°..[.....# #..###
#........##
....#.##s........## .
......^#.$........ ..
..^..ssC.......[# ...
.....sHBh.......##....
#......@s..8$$........
#.#.##.s.s...>........
#..#.......?....#
##.##.#......#.##
######<...#.#
#......## # ##.....#
##...## ##.##


You could see Arachne (extremely poisoned, weak-willed, ally target), 4 jumping
spiders, a friendly broodmother (summoned, unsilenced, poisoned, weak-willed), a
friendly radroach (summoned, unsilenced, weak-willed), a friendly cactus giant
(summoned, weak-willed), a friendly warg (summoned), a friendly tarantella
(summoned), a friendly redback (summoned, weak-willed) and a friendly lightning
spire (summoned).

Vanquished Creatures
  A broodmother (Spider:1)
  A moth of wrath (Spider:1)
  A torpor snail (Spider:1)
  Psyche (D:11)
  Grinder (D:3)
  A tarantella (Spider:1)
  3 blink frogs (Lair:2)
  4 jumping spiders (Spider:1)
  A culicivora (Spider:1)
  2 nameless horrors
  2 redbacks (Spider:1)
  Duvessa (D:5)
  A sky beast (D:5)
  3 bullfrogs
  A gnoll sergeant (D:7)
  Dowan (D:5)
  An electric eel (Orc:2)
  A mummy (Ossuary)
  2 adders
  4 orcs
  2 endoplasms (D:2)
  A giant cockroach (D:3)
  A gnoll zombie (Ossuary)
  2 goblins
  2 hobgoblins
  A jackal (D:3)
  2 quokkas
  A frilled lizard (D:3)
  A goblin zombie (Ossuary)
  An orc zombie (Ossuary)
47 creatures vanquished.

Vanquished Creatures (collateral kills)
  An emperor scorpion (Spider:1)
  An entropy weaver (Spider:1)
  A fire dragon (D:14)
  Fannar (Lair:2)
  3 ogre magi
  3 centaur warriors (D:14)
  8 boulder beetles
  8 hydras
  4 vault guards (D:14)
  A radroach (Spider:1)
  2 catoblepae
  Erica (D:11)
  13 two-headed ogres
  4 death yaks
  Amaemon (D:8)
  7 skeletal warriors (D:12)
  A sun moth (Spider:1)
  2 deep trolls (Orc:2)
  A steelbarb worm (Spider:1)
  An orb spider (Spider:2)
  3 deep elf pyromancers
  3 lindwurms
  6 wolf spiders
  4 orc sorcerers
  An oklob plant (Lair:2)
  4 ugly things
  2 manticores
  A deep elf zephyrmancer (D:14)
  7 cyclopes
  A salamander (shapeshifter) (D:14)
  Maurice (D:12)
  8 elephants
  An orange demon (D:8)
  4 black mambas
  9 cane toads
  3 torpor snails
  An unseen horror (shapeshifter) (D:13)
  A gargoyle (D:13)
  4 rime drakes
  8 komodo dragons
  3 kobold demonologists (D:13)
  2 unseen horrors
  A demonic crawler (Spider:1)
  2 yaktaurs (D:14)
  13 trolls
  A meliai (shapeshifter) (D:14)
  4 polar bears
  4 tarantellas (Spider:1)
  24 blink frogs
  12 dream sheep (Lair:5)
  A slime creature (shapeshifter) (D:13)
  A snapping turtle (Lair:3)
  12 jumping spiders
  A shadow (D:9)
  The ghost of Fractals the Sneak, an amateur VSEn (D:8)
  A spriggan (D:13)
  8 culicivoras (Spider:1)
  2 wraiths
  10 basilisks
  2 wyverns
  29 yaks
  5 vampire mosquitoes
  A steam dragon (D:7)
  21 redbacks
  2 wargs
  12 water moccasins
  An ice beast (D:6)
  2 black bears (D:10)
  17 orc warriors
  27 ogres
  3 centaurs
  7 wolves (Lair:3)
  2 phantoms
  5 kobold brigands
  2 gnoll sergeants (D:11)
  12 bullfrogs
  2 necrophages
  A cane toad simulacrum (D:13)
  8 scorpions
  2 two-headed ogre simulacra (D:13)
  A wight (D:10)
  4 killer bees
  7 howler monkeys
  3 hounds
  A human zombie (Ossuary)
  2 jellies (D:5)
  9 orc priests
  2 gnoll boudas
  14 orc wizards
  5 iguanas
  2 scorpion zombies (Ossuary)
  2 spriggan simulacra (D:13)
  A troll simulacrum (D:13)
  2 nameless horrors
  2 mummies (Ossuary)
  25 gnolls
  A naga simulacrum (D:13)
  6 adders
  2 white imps
  A howler monkey simulacrum (D:6)
  An ufetubus (D:5)
  The ghost of nshep25 the Sneak, a weakling HuDe (D:6)
  4 dart slugs
  65 orcs
  4 bats
  4 endoplasms
  3 gnoll zombies (Ossuary)
  7 goblins
  10 hobgoblins
  9 jackals
  A quokka (D:4)
  5 ball pythons
  2 frilled lizards
  2 goblin zombies (Ossuary)
  A hobgoblin zombie (Ossuary)
  36 kobolds
  3 kobold zombies (Ossuary)
  4 orc zombies (Ossuary)
  A rat (D:1)
  A spectral orc (D:9)
658 creatures vanquished.

Vanquished Creatures (others)
  4 hydras
  A boulder beetle (Lair:2)
  A two-headed ogre (D:12)
  A skeletal warrior (D:12)
  A pharaoh ant (Spider:1)
  A necromancer (D:14)
  2 orc knights
  A wolf spider (D:14)
  2 black mambas (Lair:3)
  A torpor snail (Lair:1)
  A gargoyle (D:14)
  4 cane toads
  2 rime drakes (Lair:3)
  3 komodo dragons
  2 blink frogs
  A troll (Orc:2)
  A jumping spider (Spider:1)
  A wyvern (Lair:3)
  5 yaks
  3 vampire mosquitoes
  An acid dragon (D:10)
  2 water moccasins (Lair:1)
  An orc warrior (Orc:2)
  A centaur (D:6)
  3 scorpions (Ossuary)
  4 wights (D:10)
  An elephant simulacrum (D:13)
  8 killer bees
  2 centaur skeletons (D:6)
  A mummy (D:6)
  A bush (Lair:3)
  92 fungi
  97 plants
  4 toadstools (D:11)
  A withered plant (D:8)
257 creatures vanquished.

Grand Total: 962 creatures vanquished

Notes
Turn   | Place    | Note
-------+----------+-------------------------------------------
     0 | D:1      | croobank the Felid Summoner began the quest for the Orb.
     0 | D:1      | Reached XP level 1. HP: 7/7 MP: 4/4
   259 | D:1      | Found a faded altar of an unknown god.
   791 | D:2      | Reached skill level 3 in Dodging
   791 | D:2      | Reached XP level 2. HP: 10/12 MP: 0/6
   794 | D:2      | Learned a level 2 spell: Call Imp
   843 | D:2      | Noticed a necrophage
   858 | D:2      | Killed a necrophage
   859 | D:2      | Reached skill level 1 in Fighting
   859 | D:2      | Reached XP level 3. HP: 15/15 MP: 3/7
   859 | D:2      | Reached XP level 4. HP: 19/19 MP: 3/8
   863 | D:2      | Learned a level 3 spell: Call Canine Familiar
  1370 | D:2      | Noticed a nameless horror
  1426 | D:2      | Killed a nameless horror
  1929 | D:3      | Noticed Grinder
  1945 | D:3      | Killed Grinder
  1946 | D:3      | Reached skill level 4 in Dodging
  1946 | D:3      | Reached skill level 5 in Summonings
  1946 | D:3      | Reached XP level 5. HP: 24/24 MP: 5/11
  1946 | D:3      | Gained mutation: You are covered in thick fur. (AC +2)
                  | [Felid growth]
  1946 | D:3      | Reached XP level 6. HP: 27/27 MP: 5/12
  2285 | D:3      | Reached skill level 5 in Dodging
  2436 | D:3      | Learned a level 3 spell: Summon Guardian Golem
  3210 | D:4      | Found a shimmering altar of Xom.
  3213 | D:4      | Found a hide-covered altar of Uskayaw.
  3279 | D:4      | Reached skill level 1 in Hexes
  3313 | D:4      | Reached XP level 7. HP: 31/31 MP: 5/13
  3643 | D:4      | Found a shimmering blue altar of Sif Muna.
  3928 | D:4      | Found a blossoming altar of Fedhas.
  4109 | D:5      | Entered Level 5 of the Dungeon
  5008 | D:5      | Noticed Dowan
  5024 | D:5      | Noticed Duvessa
  5036 | D:5      | Killed Duvessa
  5036 | D:5      | Killed Dowan
  5037 | D:5      | Reached skill level 6 in Dodging
  5058 | D:5      | Reached XP level 8. HP: 36/36 MP: 2/15
  5511 | D:5      | Learned a level 4 spell: Summon Lightning Spire
  5623 | D:5      | Found a sparkling altar of Nemelex Xobeh.
  5895 | D:6      | Found a staircase to the Ecumenical Temple.
  5906 | D:6      | Reached skill level 1 in Air Magic
  5924 | Temple   | Entered the Ecumenical Temple
  6057 | D:6      | Found a sand-covered staircase.
  6084 | Ossuary  | Entered an ossuary
  6442 | Ossuary  | Reached skill level 5 in Hexes
  6467 | Ossuary  | Reached skill level 7 in Dodging
  6467 | Ossuary  | Reached skill level 5 in Spellcasting
  6504 | Ossuary  | Reached skill level 5 in Fighting
  6948 | Ossuary  | Reached XP level 9. HP: 24/40 MP: 5/17
  7321 | D:6      | Found a runed translucent gate.
  7321 | D:6      | Found a runed translucent gate.
  7322 | D:6      | Found a runed translucent gate.
  7323 | D:6      | Noticed nshep25's ghost (weakling HuDe)
  7337 | D:6      | Killed nshep25's ghost
  7441 | D:6      | Found a runed translucent door.
  7442 | D:6      | Noticed Crazy Yiuf
  7970 | D:6      | HP: 2/40 [steam dragon] (7)]
  7972 | D:5      | Slain by a steam dragon
  7973 | D:5      | Reached XP level 8. HP: -3/37 MP: 16/17
  8091 | D:7      | Found a burning altar of Makhleb.
  8406 | D:7      | Learned a level 3 spell: Mephitic Cloud
  8939 | D:7      | Found an opulent altar of Gozag.
  8945 | D:7      | Became a worshipper of Gozag Ym Sagoz the Greedy
  9090 | D:7      | Found an ancient bone altar of Kikubaaqudgha.
  9130 | D:7      | Reached skill level 8 in Dodging
  9232 | D:7      | Noticed a nameless horror
  9248 | D:7      | Killed a nameless horror
  9582 | D:7      | You fall into a shaft and drop 1 floor!
  9606 | D:8      | Found a flagged portal.
  9627 | Bailey   | Entered a bailey
  9663 | Bailey   | Identified the ring of Foolhardiness {rC- rCorr Int+3
                  | Dex+2}
  9710 | Bailey   | Reached XP level 9. HP: 34/41 MP: 2/18
 10580 | D:8      | Noticed a cyclops
 10606 | D:8      | Killed a cyclops
 10749 | D:8      | Noticed an orange demon
 10754 | D:8      | Noticed Amaemon
 10759 | D:8      | Killed an orange demon
 10764 | D:8      | Killed Amaemon
 10765 | D:8      | Reached skill level 9 in Dodging
 11306 | D:8      | Found a glowing golden altar of the Shining One.
 11434 | D:8      | Noticed Fractals's ghost (amateur VSEn)
 11435 | D:8      | Found a runed translucent door.
 11454 | D:8      | Killed Fractals's ghost
 11455 | D:8      | Reached XP level 10. HP: 46/46 MP: 7/21
 11783 | D:9      | Reached skill level 5 in Air Magic
 12261 | D:9      | Found Puuzar's Jewellery Emporium.
 12418 | D:9      | Found a basalt altar of Yredelemnul.
 12550 | D:10     | Entered Level 10 of the Dungeon
 12550 | D:10     | Noticed a fire crab
 12555 | D:10     | Noticed a wolf spider
 12556 | D:10     | Noticed a tengu warrior
 12935 | D:10     | Reached skill level 10 in Dodging
 13239 | D:10     | Found a staircase to the Lair.
 14206 | D:10     | Found a runed translucent gate.
 14206 | D:10     | Found a runed translucent gate.
 14206 | D:10     | Found a runed translucent gate.
 14206 | D:10     | Noticed croobank's ghost (journeyman OpSu)
 14218 | D:10     | Learned a level 6 spell: Summon Cactus Giant
 14263 | D:10     | Found a glowing silver altar of Zin.
 14586 | D:10     | Found a bloodstained altar of Trog.
 14662 | D:11     | Noticed a boulder beetle
 14895 | Lair:1   | Entered Level 1 of the Lair of Beasts
 14931 | Lair:1   | Noticed a cane toad
 14936 | Lair:1   | Noticed a six-headed hydra
 14941 | Lair:1   | Killed a cane toad
 14942 | Lair:1   | Reached XP level 11. HP: 51/51 MP: 13/23
 14958 | Lair:1   | Killed a six-headed hydra
 15260 | Lair:1   | HP: 2/51 [themself] (20)]
 15261 | Lair:1   | Engulfed by their own flame
 15262 | Lair:1   | Reached XP level 10. HP: -20/48 MP: 12/22
 15288 | Lair:1   | Noticed a black mamba
 15297 | Lair:1   | Killed a black mamba
 15298 | Lair:1   | Reached skill level 11 in Dodging
 15499 | Lair:1   | Noticed a cane toad
 15509 | Lair:1   | Killed a cane toad
 15550 | Lair:1   | Noticed a black mamba
 15558 | Lair:1   | Killed a black mamba
 16026 | Lair:1   | Noticed a cane toad
 16033 | Lair:1   | Killed a cane toad
 16171 | Lair:1   | Noticed a cane toad
 16177 | Lair:1   | Killed a cane toad
 16178 | Lair:1   | Reached XP level 11. HP: 52/52 MP: 18/24
 16222 | Lair:1   | Noticed an eight-headed hydra
 16238 | Lair:1   | Engulfed by their own flame
 16239 | Lair:1   | Reached XP level 10. HP: -18/49 MP: 13/23
 16239 | Lair:1   | Killed a torpor snail
 16607 | Lair:1   | Killed an eight-headed hydra
 17043 | Lair:2   | Noticed Fannar
 17051 | Lair:2   | Noticed an oklob plant
 17235 | Lair:2   | Noticed a four-headed hydra
 17281 | Lair:2   | Killed Fannar
 17370 | Lair:2   | Reached skill level 10 in Summonings
 17371 | Lair:2   | Reached skill level 12 in Dodging
 17395 | Lair:2   | Killed a four-headed hydra
 17396 | Lair:2   | Reached XP level 11. HP: 51/53 MP: 17/24
 17861 | Lair:2   | Found an opulent altar of Gozag.
 18104 | Lair:2   | Noticed a six-headed hydra
 18124 | Lair:2   | Killed a six-headed hydra
 18601 | Lair:2   | Found a hole to the Spider Nest.
 18601 | Lair:2   | Noticed a lindwurm
 18608 | Lair:2   | Killed a lindwurm
 18682 | Lair:2   | Found a hide-covered altar of Uskayaw.
 18691 | Lair:2   | Noticed a boulder beetle
 18731 | Lair:2   | Killed a boulder beetle
 18732 | Lair:2   | Reached skill level 10 in Fighting
 18732 | Lair:2   | Reached skill level 13 in Dodging
 18872 | Lair:2   | Found an ornate altar of the Wu Jian Council.
 19122 | Lair:2   | Killed an oklob plant
 19273 | Lair:3   | Noticed a catoblepas
 19301 | Lair:3   | Killed a catoblepas
 19507 | Lair:3   | Gained mutation: Your thick and shaggy fur keeps you warm.
                  | (AC +3, rC+) [Felid growth]
 19507 | Lair:3   | Reached XP level 12. HP: 58/58 MP: 16/26
 19622 | Lair:3   | Noticed a boulder beetle
 19646 | Lair:3   | Killed a boulder beetle
 20089 | Lair:3   | Reached skill level 10 in Spellcasting
 20537 | Lair:3   | Noticed a death yak
 20555 | Lair:3   | Killed a death yak
 20721 | Lair:3   | Reached skill level 14 in Dodging
 21404 | Lair:3   | Found a staircase to the Shoals.
 21778 | Lair:4   | Noticed a six-headed hydra
 21791 | Lair:4   | Killed a six-headed hydra
 21960 | Lair:4   | Bought a scroll of identify for 36 gold pieces
 21960 | Lair:4   | Bought a scroll of identify for 36 gold pieces
 21962 | Lair:4   | Bought a potion of haste for 340 gold pieces
 22797 | Lair:5   | Entered Level 5 of the Lair of Beasts
 22801 | Lair:5   | Identified a scroll of acquirement
 22861 | Lair:5   | Noticed a seven-headed hydra
 22872 | Lair:5   | Killed a seven-headed hydra
 22873 | Lair:5   | Reached XP level 13. HP: 63/63 MP: 18/28
 23107 | Lair:5   | Found a staircase to the Slime Pits.
 23107 | Lair:5   | Found a viscous altar of Jiyva.
 23404 | Lair:5   | Reached skill level 15 in Dodging
 24498 | Lair:5   | Acquired a book of Death
 24684 | Lair:5   | Demolished by a blink frog
 24685 | Lair:5   | Reached XP level 12. HP: -20/61 MP: 16/27
 25369 | Lair:5   | Killed a seven-headed hydra
 25387 | Lair:5   | Killed a catoblepas
 25427 | Lair:5   | Killed a death yak
 25949 | D:11     | Killed a boulder beetle
 26070 | D:11     | Noticed Psyche
 26091 | D:11     | Killed Psyche
 26213 | D:11     | Noticed Erica
 26222 | D:11     | Killed Erica
 26223 | D:11     | Reached XP level 13. HP: 60/67 MP: 22/28
 26765 | D:11     | Found a staircase to the Orcish Mines.
 27423 | D:12     | Noticed Maurice
 27459 | D:12     | Killed Maurice
 27808 | D:12     | Reached skill level 1 in Necromancy
 29243 | D:13     | Acquired a book of Hexes
 29245 | D:13     | Acquired a ring of magical power
 29360 | D:13     | Reached skill level 15 in Fighting
 30707 | Orc:1    | Entered Level 1 of the Orcish Mines
 31033 | Orc:1    | Found Zarhugeu's General Store.
 31143 | Orc:2    | Entered Level 2 of the Orcish Mines
 31176 | Orc:2    | Reached XP level 14. HP: 73/73 MP: 29/29
 31703 | Orc:1    | Reached skill level 16 in Dodging
 32344 | Orc:2    | Found Dedde's Armour Boutique.
 32344 | Orc:2    | Found Nibrum's Antique Weapon Boutique.
 32366 | Orc:2    | Found Cehiurph's Armour Emporium.
 32383 | Orc:2    | Found Qeek's Antique Weapon Shop.
 32388 | Orc:2    | Paralysed by an ogre mage for 5 turns
 32708 | Orc:2    | Reached skill level 5 in Necromancy
 32763 | Orc:2    | Found a staircase to the Elven Halls.
 32910 | Orc:2    | Found a runed translucent gate.
 32910 | Orc:2    | Found a runed translucent gate.
 32910 | Orc:2    | Noticed TheSexyCheese's ghost (journeyman HOFi)
 32923 | Orc:2    | Found a runed translucent gate.
 34321 | D:14     | Found a gate to the Vaults.
 34957 | D:14     | Identified the +6 dagger of Compulsion {freeze, rC+ Str+3}
 35946 | D:14     | Identified the +8 war axe "Leviticus" {pain, Str+3 Dex+2}
 35949 | D:14     | Reached XP level 15. HP: 48/77 MP: 29/31
 36004 | D:14     | Reached skill level 17 in Dodging
 36897 | Spider:1 | Entered Level 1 of the Spider Nest
 36897 | Spider:1 | You fall into a shaft and drop 1 floor!
 36912 | Spider:2 | Noticed an emperor scorpion
 37503 | Spider:1 | Learned a level 3 spell: Ignite Poison
 37628 | Spider:1 | Reached skill level 1 in Transmutations
 37761 | Spider:1 | Reached skill level 1 in Conjurations
 37926 | Spider:1 | Reached skill level 1 in Poison Magic
 38036 | Spider:1 | Reached skill level 1 in Fire Magic
 38224 | Spider:1 | Noticed an emperor scorpion
 38261 | Spider:1 | Killed an emperor scorpion
 38918 | Spider:1 | Identified the +1 scale mail of Pessimism {rC+ rN+}
 39759 | Lair:2   | Learned a level 5 spell: Silence
 39863 | Spider:2 | Noticed Arachne
 39882 | Spider:2 | HP: 2/77 [Arachne/staff of poison (25)]
 39882 | Spider:2 | Slain by Arachne

Illustrated notes

Levels and vault maps discovered:
D:1:      dpeg_arrival_lava_temple_mockup, layout_basic,
          hellmonk_ecumenical_altar_prayer_group
D:2:      layout_rooms, minmay_tiny_reverse_x
D:3:      layout_basic, uniq_grinder
D:4:      layout_cave_pools, mainiacjoe_overflow_catwalk_spiral,
          mainiacjoe_overflow_six_doors_small, kennysheep_mini
D:5:      layout_loops_ring, nemelex_spade_bored_becter, uniq_duvessa
D:6:      layout_loops_cross, old_standard_altar,
          mainiacjoe_overflow_concentric_impassable, minmay_temple_entry_arrows,
          gammafunk_ghost_necromancy, gup_ossuary_entry_pyramid,
          kennysheep_cross_bottleneck, uniq_crazy_yiuf_cottage
D:7:      layout_basic, nicolae_gozag_cash_rules_everything_around_me,
          nicolae_overflow_hidden_temple, lemuel_tele_altar, minivault_10
D:8:      layout_basic, lemuel_coloured_pillars_altar, enter_bailey_4,
          gammafunk_ghost_grave, kennysheep_generic_room_10, uniq_amaemon
D:9:      layout_rooms, yredelemnul_forgotten_temple_becter, serial_shops, shop
D:10:     cheibrodos_elevator_heist, layout_loops_ring, zin_scriptorium,
          bloody_trog, grunt_lair_entry_orc_guard_hut, ebering_ghost_rock_garden
D:11:     layout_basic, orc_david_3, gauntlet_entry_generic, serial_park_tiny_1,
          minmay_gold_behind_fungi, uniq_erica, uniq_psyche
D:12:     layout_stronghold, nrook_campfire, uniq_maurice
D:13:     layout_gridville, portal_ice_cave_entry_ice_simulacra, the_hattery
D:14:     minmay_the_grid_octo_triangle [minmay_the_grid_octo_teeth,
          minmay_the_grid_octo_prize_ultimate_mussel_roller,
          minmay_the_grid_octo_concentric], layout_rooms,
          grunt_vaults_entry_fortified, chequers_arboretum, evilmike_butchery
Temple:   corrupted_temple
Lair:1:   layout_regular_city, nzn_random_ring
Lair:2:   layout_loops_ring, spider_nest_entry_web_field, basic_altar,
          st_stairs_10, nzn_masters_of_martial_movement, uniq_fannar
Lair:3:   nzn_winding_woodlands_medium [nzn_winding_woodlands_5x5_closed_star,
          nzn_winding_woodlands_5x15_longhouse,
          nzn_winding_woodlands_5x5_checkerboard,
          nzn_winding_woodlands_5x5_cross, nzn_winding_woodlands_center_garden,
          nzn_winding_woodlands_5x5_default,
          nzn_winding_woodlands_5x5_open_star, nzn_winding_woodlands_5x15_cabin,
          nzn_winding_woodlands_5x5_default], layout_loops_ring,
          minmay_shoals_entry_hut, serial_forest, infiniplex_forest_end_1,
          infiniplex_forest_lined_room_3, infiniplex_forest_end_1,
          infiniplex_forest_straight_2, infiniplex_forest_straight_5,
          infiniplex_forest_end_2, infiniplex_forest_lined_3_way
Lair:4:   layout_hall_layers
Lair:5:   hangedman_lair_in_review, layout_layer_cave, slime_entry_1
Spider:1: layout_spider_delve, nicolae_spider_claw_tunnel
Spider:2: layout_spider_delve, hangedman_spider_tarantella_strand, uniq_arachne
Orc:1:    layout_diamond_mine, serial_shops, nicolae_lakefront_shop
Orc:2:    st_orc_open, layout_diamond_mine, gammafunk_ghost_split,
          nicolae_orc_flooded_monolith

Skill      XL: |  1  2  3  4  5  6  7  8  9 10 11 12 13 14 15 |
---------------+----------------------------------------------+-----
Dodging        | 3 4 5 6 8 9 12 13 14 15 16 17 | 17.5
Fighting       | 1 2 3 4 5 6 9 10 14 15 | 15.0
Spellcasting   | 3 4 5 6 8 9 10 11 12 | 12.0
Summonings     | 5 6 7 8 10 11 12 13 14 | 14.2
Hexes          | 1 3 5 |  5.0
Air Magic      | 3 4 7 6 |  7.0
Necromancy     | 3 6 7 |  7.3
Transmutations | 2 |  2.2
Conjurations   | 1 |  1.8
Poison Magic   | 1 |  1.5
Fire Magic     | 1 |  1.6
Stealth        | |  2.7

Action                   |  1- 3 |  4- 6 |  7- 9 | 10-12 | 13-15 || total
-------------------------+-------+-------+-------+-------+-------++-------
Melee: Unarmed           |     5 |    34 |    71 |    83 |   101 ||   294
       Bite              |       |     4 |    13 |    14 |    26 ||    57
       Punch             |       |       |     1 |     1 |     3 ||     5
 Cast: Summon Small Mamm |    18 |    41 |    87 |    47 |    17 ||   210
       Call Imp          |     1 |    15 |    16 |    16 |    12 ||    60
       Call Canine Famil |       |    18 |    44 |    63 |    57 ||   182
       Summon Lightning  |       |       |    38 |   128 |   141 ||   307
       Summon Guardian G |       |       |    29 |    76 |    52 ||   157
       Mephitic Cloud    |       |       |     5 |       |     5 ||    10
       Summon Cactus Gia |       |       |       |     3 |   129 ||   132
       Ignite Poison     |       |       |       |       |     2 ||     2
Invok: Call Merchant     |       |       |       |     2 |       ||     2
       Potion Petition   |       |       |       |       |     8 ||     8
Evoke: Wand              |       |       |       |     1 |    21 ||    22
       Phial of floods   |       |       |       |       |     2 ||     2
       Lightning rod     |       |       |       |       |     2 ||     2
       Box of beasts     |       |       |       |       |     1 ||     1
       Tin of tremorston |       |       |       |       |     1 ||     1
  Use: Scroll            |       |     4 |    16 |    12 |    13 ||    45
       Potion            |       |       |     3 |     5 |     9 ||    17
 Stab: Sleeping          |     1 |     2 |     4 |       |     1 ||     8
       Distracted        |       |     1 |     1 |     2 |     1 ||     5
       Confused          |       |       |       |       |     1 ||     1
Armor: Skin              |     1 |     5 |    10 |     1 |    14 ||    31
Dodge: Dodged            |     6 |    23 |   116 |   242 |   563 ||   950
Block: Other             |       |       |       |    12 |    59 ||    71
       Reflection        |       |       |       |       |     7 ||     7
